 Dungeon Crawl Stone Soup version 0.31.0-11-ge490571c62 (webtiles) character file.

Game seed: 8086418284362960763

698 Gadfly the Insei (level 7, 0/55 HPs)
             Began as a Merfolk Monk on Jan 29, 2024.
             Succumbed to a water moccasin's poison
             ... on level 5 of the Dungeon.
             The game lasted 00:06:49 (4211 turns).

Gadfly the Insei (Merfolk Monk)                     Turns: 4211, Time: 00:06:49

Health: 0/55       AC:  7    Str: 14    XL:     7   Next: 65%
Magic:  7/7        EV: 14    Int:  9    God:
Gold:   185        SH:  0    Dex: 16    Spells: 6/6 levels left

rFire   . . .        b - +2 whip (elec)
rCold   . . .        c - orb {light}
rNeg    . . .        a - +0 robe
rPois   .            k - +1 hat
rElec   .            (no cloak)
rCorr   .            (no gloves)
SInv    .            (no boots)
Will    .....        (no amulet)
Stlth   +            v - +4 ring of protection
HPRegen 0.29/turn    (no ring)
MPRegen 0.10/turn

%: no passive effects
@: lethally poisoned (0 -> -11), glowing, studying Evocations
A: (nimble swimmer 2), mertail
a: no special abilities


You were on level 5 of the Dungeon.
You visited 1 branch of the dungeon, and saw 5 of its levels.

You collected 185 gold pieces.

Inventory:

Hand Weapons
 b - a +2 whip of electrocution (weapon)
 n - a +5 heavy short sword
Armour
 a - a +0 robe (worn)
 c - an orb of light (worn)
 k - a +1 hat (worn)
Jewellery
 o - a ring of ice
 v - a +4 ring of protection (left hand)
Wands
 s - a wand of charming (5)
Scrolls
 h - 3 scrolls of teleportation
 q - a scroll of identify
Potions
 d - a potion of ambrosia
 e - a potion of lignification
 f - a potion of berserk rage
 g - 3 potions of attraction
 i - a potion of mutation {unknown}
 j - a potion of enlightenment {unknown}
 l - a potion of curing
 m - a potion of brilliance {unknown}
 p - a potion of haste {unknown}
 r - a potion of resistance {unknown}
 t - a potion of invisibility {unknown}


   Skills:
 + Level 4.7 Fighting
 + Level 5.6 Dodging
 * Level 5.7 Unarmed Combat
 + Level 4.1 Evocations
 * Level 4.8 Shapeshifting


You had 6 spell levels left.
You didn't know any spells.
Your spell library contained the following spells:

 Spells                   Type           Power      Damage    Failure   Level
 Hailstorm                Conj/Ice       0%         3d5       77%         3
 Summon Ice Beast         Ice/Summ       0%         N/A       77%         3
 Volatile Blastmotes      Fire/Tloc      0%         2d10      77%         3
 Fulminant Prism          Conj/Alch      0%         3d5       99%         4
 Iskenderun's Mystic Bla  Conj/Tloc      0%         2d3       99%         4
 Sculpt Simulacrum        Ice/Alch       0%         N/A       100%        6


Dungeon Overview and Level Annotations

Branches:
Dungeon (5/15)
 Temple: D:4-7

Altars:
Cheibriados

Shops:
D:4 [

Annotations:
D:4 2 runed translucent doors, TheBioAlchemist's ghost, amateur TeAE


Innate Abilities, Weirdness & Mutations

((You are very nimble when in or above water. (Stealth+, EV+, Speed+++)))
Your lower body shifts to a powerful aquatic tail in water.


Message History

You are too injured to fight recklessly!
You are too injured to fight recklessly!
You are too injured to fight recklessly!
You are too injured to fight recklessly!
You are too injured to fight recklessly!
You are too injured to fight recklessly!
You are too injured to fight recklessly!
You are too injured to fight recklessly!
You barely miss the water moccasin.
The water moccasin is heavily wounded.
You feel very sick. The water moccasin bites you.
You are lethally poisoned!
The water moccasin poisons you!
You closely miss the water moccasin.
The water moccasin is heavily wounded.
* * * LOW HITPOINT WARNING * * *
You feel extremely sick. The water moccasin closely misses you.
The water moccasin bites you.
* * * LOW HITPOINT WARNING * * *
You are more poisoned.
The water moccasin poisons you!
You feel better. The water moccasin bites you.
* * * LOW HITPOINT WARNING * * *
You hit the water moccasin but do no damage.
The water moccasin is heavily wounded.
The water moccasin bites you but does no damage. x2
You closely miss the water moccasin.
The water moccasin is heavily wounded.
The water moccasin bites you!
* * * LOW HITPOINT WARNING * * *
You are lethally poisoned!
The water moccasin poisons you!
You hit the water moccasin but do no damage.
Lightning courses through the water moccasin!!
You kill the water moccasin!
* * * LOW HITPOINT WARNING * * *
You feel very sick.
Your Evocations skill increases to level 4!
You die...

.#..#.#..#...##
..#...#.......#
..#...'.......#
..+...#......####### ##
.##...##.....##....##..#
.##...##.....#.........#
.............'.........#
.............#.........#
.####'####'#####@####..#
#####.###....##....# #
........#.....#....#
........#.....#....#
...##.###...###.##.#
####### ##### ## ##


There were no monsters in sight!

Vanquished Creatures
  2 water moccasins (D:5)
  A scorpion (D:5)
  2 bombardier beetles (D:4)
  An orc priest (D:5)
  2 iguanas (D:5)
  A sleepcap (D:5)
  2 orc wizards (D:3)
  4 gnolls (D:5)
  7 adders
  A white imp (D:5)
  A ribbon worm (D:2)
  6 dart slugs
  14 orcs
  6 endoplasms
  3 giant cockroaches
  3 goblins
  3 hobgoblins
  3 jackals (D:2)
  4 quokkas
  7 ball pythons
  6 bats
  11 kobolds
  5 rats
95 creatures vanquished.

Notes
Turn   | Place    | Note
-------+----------+-------------------------------------------
     0 | D:1      | Gadfly the Merfolk Monk began the quest for the Orb.
     0 | D:1      | Reached XP level 1. HP: 18/18 MP: 1/1
   201 | D:1      | Reached XP level 2. HP: 24/24 MP: 2/2
   230 | D:1      | Reached skill level 1 in Shapeshifting
   562 | D:1      | Identified a scroll of acquirement
   566 | D:1      | Acquired a manual of Evocations
   579 | D:2      | Reached skill level 1 in Evocations
   634 | D:2      | Reached XP level 3. HP: 25/29 MP: 3/3
   867 | D:2      | Found a faded altar of an unknown god.
   896 | D:2      | Reached XP level 4. HP: 35/35 MP: 4/4
  1827 | D:3      | Reached XP level 5. HP: 42/42 MP: 5/5
  1985 | D:3      | You fall into a shaft and drop 1 floor!
  2192 | D:4      | Found a runed translucent door.
  2297 | D:4      | Noticed TheBioAlchemist's ghost (amateur TeAE)
  2298 | D:4      | Found Cuqiawk's Armour Emporium.
  2409 | D:4      | Found a snail-covered altar of Cheibriados.
  2416 | D:4      | Reached XP level 6. HP: 47/48 MP: 6/6
  2709 | D:4      | Found a runed translucent door.
  2993 | D:5      | Entered Level 5 of the Dungeon
  3065 | D:5      | Reached skill level 5 in Dodging
  3377 | D:5      | Noticed a water moccasin
  3381 | D:5      | Reached skill level 5 in Unarmed Combat
  3382 | D:5      | Killed a water moccasin
  3383 | D:5      | Reached XP level 7. HP: 36/55 MP: 7/7
  4211 | D:5      | Succumbed to a water moccasin's poison

Illustrated notes

Levels and vault maps discovered:
D:1:      wander_arrival_desolate, layout_basic
D:2:      layout_basic, dreamdust_ecumenical_altar_statues,
          nicolae_twisty_statue_hallways
D:3:      layout_rooms
D:4:      layout_cave_pods, slow_altar_1, ebering_ghost_sewer_f,
          nicolae_take_the_stairs
D:5:      layout_gridville

Skill      XL: |  1  2  3  4  5  6  7 |
---------------+----------------------+-----
Shapeshifting  | 1 2 3 4 |  4.8
Evocations     | 1 2 3 4 |  4.1
Unarmed Combat | 4 5 |  5.7
Fighting       | 4 |  4.7
Dodging        | 5 |  5.6

Action                     |  1- 3 |  4- 6 |  7- 9 || total
---------------------------+-------+-------+-------++-------
  Melee: Short sword       |    53 |     2 |       ||    55
         Unarmed           |     5 |    42 |       ||    47
         Whip              |       |   124 |    46 ||   170
  Evoke: Wand              |       |     1 |       ||     1
    Use: Scroll            |     4 |     3 |     2 ||     9
         Potion            |       |     1 |     3 ||     4
 Armour: Robe              |    24 |    86 |    32 ||   142
  Dodge: Dodged            |    32 |   130 |    40 ||   202
